 Dungeon Crawl Stone Soup version 0.19.1 (webtiles) character file.

34430 dvd the Slinger (level 14, -13/118 HPs)
             Began as a Formicid Abyssal Knight on Nov 29, 2016.
             Was the Champion of Lugonu.
             Mangled by an orc warrior
             ... wielding a +0 glaive
             ... led by an orc knight
              (39 damage)
             ... on level 1 of the Orcish Mines on Nov 30, 2016.
             The game lasted 01:26:10 (22399 turns).

dvd the Slinger (Formicid Abyssal Knight)          Turns: 22399, Time: 01:26:10

Health: -13/118    AC: 19    Str: 21 (22) XL:     14   Next: 13%
Magic:  19/19      EV: 15    Int: 13      God:    Lugonu [******]
Gold:   1283       SH:  0    Dex: 12 (13) Spells: 1 memorised, 13 levels left

rFire  + . .     SeeInvis +     a - +4 flail (distort)
rCold  + . .     Gourm    .     h - +2 robe {rC+ rF+}
rNeg   . . .     Faith    .     (no shield)
rPois  .         Spirit   .     (helmet unavailable)
rElec  .         Reflect  .     F - +0 cloak
rCorr  .         Harm     .     A - +2 pair of gloves {archery}
MR     +....                    n - +2 pair of boots
Stlth  +++.......               (no amulet)
                                l - +4 ring of protection
                                m - +4 ring of strength

@: repel missiles
A: permanent stasis, dig shafts and tunnels, four strong arms, antennae 3,
iridescent scales 1, rugged brown scales 1, deterioration 1, wild magic 1,
MP-powered wands
a: Dig, Shaft Self, Depart the Abyss, Bend Space, Banish, Corrupt, Enter the
Abyss, Brand Weapon With Distortion, Renounce Religion


You were on level 1 of the Orcish Mines.
You worshipped Lugonu.
Lugonu was exalted by your worship.
You were not hungry.

You visited 4 branches of the dungeon, and saw 19 of its levels.
You visited the Abyss 2 times.

You collected 1283 gold pieces.

Inventory:

Hand Weapons
 a - a +4 flail of distortion (weapon)
 b - the +6 hunting sling of Upheaval {flame, rF+ rN+}
   (You found it on level 6 of the Dungeon)

   It causes projectiles fired from it to burn those they strike, causing extra
   injury to most foes and up to half again as much damage against particularly
   susceptible opponents.
   It protects you from fire.
   It protects you from negative energy.
 D - the +7 dagger of a bazaar {pierce, rC+ Int+2 Dex+4 SInv}
   (You found it on level 3 of the Lair of Beasts)

   It inflicts extra damage upon your enemies.
   It affects your intelligence (+2).
   It affects your dexterity (+4).
   It protects you from cold.
   It lets you see invisible.
 J - the +2 dagger of Res Nullius {drain, rPois Dex+7}
   (You found it on level 10 of the Dungeon)

   A truly terrible weapon, it drains the life of those it strikes.
   It affects your dexterity (+7).
   It protects you from poison.
Missiles
 q - 218 stones (quivered)
 B - 15 tomahawks
 G - 10 sling bullets
Armour
 h - a +2 robe of resistance (worn)
 n - a +2 pair of boots (worn)
 A - a +2 pair of gloves of archery (worn)
 F - a +0 cloak (worn)
 P - a +1 leather armour of magic resistance
 S - the +1 robe "Loick" {rF+ Str+3 Stlth+}
   (You found it on level 2 of the Lair of Beasts)

   It affects your strength (+3).
   It protects you from fire.
   It makes you more stealthy.
Magical Staves
 K - an uncursed staff of conjuration
Jewellery
 k - an uncursed ring of wizardry
 l - a +4 ring of protection (right hand)
 m - a +4 ring of strength (left hand)
 t - an uncursed ring of resist corrosion
 u - an uncursed ring of positive energy
 V - a +4 ring of intelligence
 Z - an uncursed ring of protection from cold
Wands
 e - a wand of lightning (7/15)
 r - a wand of hasting (6/9)
 w - a wand of iceblast (8/15)
 z - a wand of flame (29/48)
 M - a wand of acid (7/15)
 R - a wand of paralysis (10/24)
 U - a wand of iceblast (6/15)
Scrolls
 i - a scroll of magic mapping
 j - 14 scrolls of identify
 s - 2 scrolls of recharging
 E - 2 scrolls of fear
 O - 2 scrolls of fog
 Q - 3 scrolls of amnesia
 X - 4 scrolls of remove curse
Potions
 d - 6 potions of curing
 o - a potion of might
 p - 2 potions of heal wounds
 v - 3 potions of magic
 I - 2 potions of ambrosia
 T - 2 potions of flight
Books
 x - a book of Frost

   Spells                             Type                      Level
   a - Freeze                         Ice                          1
   b - Throw Frost                    Conjuration/Ice              2
   c - Ozocubu's Armour               Charms/Ice                   3
   d - Throw Icicle                   Conjuration/Ice              4
   e - Summon Ice Beast               Ice/Summoning                4
 y - a book of Power

   Spells                             Type                      Level
   a - Fulminant Prism                Conjuration/Hexes            4
   b - Iskenderun's Mystic Blast      Conjuration                  4
   c - Venom Bolt                     Conjuration/Poison           5
   d - Bolt of Magma                  Conjuration/Fire/Earth       5
   e - Iron Shot                      Conjuration/Earth            6
   f - Orb of Destruction             Conjuration                  7
   g - Spellforged Servitor           Conjuration/Summoning        7
 H - a book of Flames

   Spells                             Type                      Level
   a - Flame Tongue                   Conjuration/Fire             1
   b - Throw Flame                    Conjuration/Fire             2
   c - Conjure Flame                  Conjuration/Fire             3
   d - Inner Flame                    Hexes/Fire                   3
   e - Sticky Flame                   Conjuration/Fire             4
   f - Fireball                       Conjuration/Fire             5
 L - a book of Minor Magic

   Spells                             Type                      Level
   a - Magic Dart                     Conjuration                  1
   b - Blink                          Translocation                2
   c - Call Imp                       Summoning                    2
   d - Repel Missiles                 Charms/Air                   2
   e - Slow                           Hexes                        2
   f - Conjure Flame                  Conjuration/Fire             3
   g - Mephitic Cloud                 Conjuration/Poison/Air       3
 Y - a book of Changes

   Spells                             Type                      Level
   a - Beastly Appendage              Transmutation                1
   b - Sticks to Snakes               Transmutation                2
   c - Spider Form                    Transmutation/Poison         3
   d - Ice Form                       Ice/Transmutation            4
   e - Blade Hands                    Transmutation                5
Comestibles
 c - 10 bread rations
 f - 17 fruits
 g - 2 meat rations
 C - 5 beef jerkies
 W - 15 royal jellies


   Skills:
 + Level 12.0 Fighting
 + Level 11.1 Maces & Flails
   Level 4.1 Polearms
 + Level 12.8 Slings
 + Level 0.6(7.6) Throwing
 + Level 6.4 Armour
 + Level 7.1 Dodging
 + Level 5.0 Stealth
 + Level 1.2 Spellcasting
 + Level 0.2 Charms
 + Level 0.1 Air Magic
 + Level 7.9 Invocations


You had 13 spell levels left.
You knew the following spells:

 Your Spells              Type           Power        Failure   Level  Hunger
a - Repel Missiles        Chrm/Air       #.....       56%         2    ###....


Dungeon Overview and Level Annotations

Branches:
Dungeon (11/15)            Temple (1/1) D:5            Lair (6/6) D:9
  Swamp (0/4) Lair:2       Spider (0/4) Lair:4        Slime (0/5) Lair:5
    Orc (1/2) D:9

Altars:
Ashenzari
Cheibriados
Dithmenos
Elyvilon
Fedhas
Gozag
Hepliaklqana
Kikubaaqudgha
Makhleb
Nemelex Xobeh
Okawaru
Qazlal
Ru
Sif Muna
Trog
Uskayaw
Vehumet
Xom
Yredelemnul
Zin
The Shining One
Jiyva

Annotations:
Lair:5 1 runed door, Kirke


Innate Abilities, Weirdness & Mutations

You are under a permanent stasis effect.
You can dig through walls and to a lower floor.
Your four strong arms can wield two-handed weapons with a shield.
You have a pair of large antennae on your head. (SInv)
You are partially covered in iridescent scales. (AC +2)
You are partially covered in rugged brown scales. (AC +1, +3% HP)
Your body sometimes deteriorates upon taking damage.
Your spells are a little harder to cast, but a little more powerful.
You expend magic power (3 MP) to strengthen your wands.


Message History

The orc warrior is moderately wounded.
The orc warrior completely misses you.
You sock the orc warrior!
The orc warrior is severely wounded.
The orc warrior disappears!
The orc warrior barely misses you.
The orc knight hits you with a battleaxe!
Your body deteriorates!
You feel weakened.
The orc warrior hits you from afar with a glaive!!
Unknown command.
The orc warrior misses you.
The orc warrior hits you from afar with a trident.
The orc warrior hits you with a hand axe!!
* * * LOW HITPOINT WARNING * * *
The orc wizard gestures wildly while chanting.
The orc warrior throws a tomahawk.
The tomahawk hits you.
* * * LOW HITPOINT WARNING * * *
You see here a tomahawk.
The orc misses you.
The orc warrior hits you from afar with a glaive!!!
You die...

*** *,,,,,,,,,*,,,,,,,,*
**,****,,.........,,**,**
*,,,*,*,,.........*####*
,,,,,,,,,.........##..##
,,,,,,,,.....o...##....##
,,,,,,,.(........##.....#
,*,,,,,.((.#...........#*
,,,,,,,.>(...........###
,,,,,,,....ooo..@.....####
,,,,,,,....ooooo(........#*
,,,,,,,.(.(.ooo.o#........#
,*,,,,,......oo.o##.#....##
,**,,,,#.....o(....#.#.###
,,*,,,,......).(......##
,,**,,,..........#.#.##
,*****,####..##.###### **
*** ###*###


You could see an orc knight, 5 orc warriors, an orc priest, 3 orc wizards and 7
orcs.

Vanquished Creatures
  A hydra (Lair:6)
  Erica (D:8)
  Urug (Lair:5)
  An unseen horror (D:11)
  2 hill giants (D:11)
  A deep elf mage (D:11)
  The ghost of Lluna the Covert, a novice SpAs of Gozag (D:9)
  The ghost of feelmyfire the Grappler, a novice DrCK of Xom (D:7)
  3 elephants
  5 black mambas
  Joseph (D:8)
  Psyche (D:8)
  11 spiny frogs
  2 rime drakes
  9 komodo dragons
  4 trolls
  2 polar bears (Lair:2)
  6 blink frogs
  A hornet (D:9)
  8 dream sheep
  3 hippogriffs
  Sigmund (D:4)
  A redback (Lair:4)
  A wraith (D:11)
  2 basilisks
  Eustachio (D:4)
  17 yaks
  2 wyverns
  2 hogs (Lair:5)
  4 hungry ghosts
  3 insubstantial wisps (Lair:2)
  13 water moccasins
  7 porcupines
  A sky beast (D:10)
  4 ice beasts
  3 orc warriors
  2 phantoms
  A necrophage (D:7)
  6 centaurs
  2 wolves (Lair:6)
  6 ogres
  8 crocodiles
  12 bullfrogs
  2 big kobolds
  A gnoll sergeant (D:5)
  3 scorpions
  29 killer bees
  2 troll zombies (D:9)
  11 wights
  A howler monkey (D:4)
  2 crimson imps
  A centaur zombie (D:9)
  A bullfrog zombie (D:10)
  5 centaur skeletons
  3 hounds
  4 jellies
  8 orc wizards
  7 orc priests
  9 iguanas
  Terence (D:2)
  4 worker ants
  A killer bee zombie (D:9)
  3 ogre zombies (D:9)
  A hound skeleton (D:9)
  2 hound zombies
  2 worker ant zombies
  A howler monkey skeleton (D:11)
  15 adders
  8 gnolls
  2 shadow imps
  8 oozes
  An adder zombie (D:5)
  4 worms
  3 dart slugs
  4 leopard geckos
  34 orcs
  4 giant cockroaches
  8 goblins
  5 hobgoblins
  15 jackals
  22 kobolds
  2 quokkas
  2 ball pythons
  8 bats
  8 frilled lizards
  A goblin skeleton (D:9)
  2 goblin zombies (D:9)
  A hobgoblin skeleton (D:9)
  A hobgoblin zombie (D:9)
  4 orc skeletons (D:9)
  9 orc zombies (D:9)
  11 rats
  A fungus (Lair:3)
  A plant (Lair:1)
452 creatures vanquished.

Vanquished Creatures (others)
  2 elephants (Lair:6)
  A spiny frog (Lair:6)
  A queen bee (D:10)
  A troll (D:11)
  3 dream sheep (Lair:1)
  A blink frog (Lair:4)
  2 yaks
  A hill giant zombie (D:9)
  A soldier ant (D:10)
  A porcupine (Lair:1)
  A sky beast (D:10)
  An ogre (D:8)
  A bullfrog (Lair:1)
  A water moccasin zombie (D:5)
  A killer bee (D:10)
  2 wights (D:9)
  A crimson imp (D:8)
  An orc wizard (D:6)
  A bullfrog skeleton (D:9)
  A jackal (D:6)
  A goblin zombie (D:9)
  8 fungi
  5 plants
39 creatures vanquished.

Grand Total: 491 creatures vanquished

Notes
Turn   | Place    | Note
-------+----------+-------------------------------------------
     0 | Abyss:1  | dvd the Formicid Abyssal Knight began the quest for the Orb.
     0 | Abyss:1  | Reached XP level 1. HP: 18/18 MP: 2/2
    60 | Abyss:1  | Noticed a small abomination
    61 | D:1      | Escaped the Abyss
   301 | D:1      | Reached XP level 2. HP: 24/24 MP: 3/3
   370 | D:1      | Reached * piety under Lugonu
   519 | D:1      | Reached skill level 1 in Dodging
   519 | D:1      | Reached XP level 3. HP: 27/30 MP: 4/4
  1239 | D:2      | Reached XP level 4. HP: 32/37 MP: 5/5
  1364 | D:2      | Reached ** piety under Lugonu
  1463 | D:2      | Noticed Terence
  1496 | D:2      | Killed Terence
  1496 | D:2      | Reached XP level 5. HP: 37/42 MP: 6/6
  1829 | D:2      | Found an ancient bone altar of Kikubaaqudgha.
  1988 | D:3      | Found a faded altar of an unknown god.
  2942 | D:3      | Found a hazy altar of Hepliaklqana.
  3030 | D:3      | Found a blossoming altar of Fedhas.
  3243 | D:4      | Noticed Eustachio
  3256 | D:4      | Reached skill level 1 in Slings
  3256 | D:4      | Reached XP level 6. HP: 41/48 MP: 7/7
  3566 | D:4      | Noticed an ogre
  3651 | D:3      | Killed an ogre
  3651 | D:3      | Reached skill level 1 in Stealth
  3921 | D:4      | Killed Eustachio
  3921 | D:4      | Reached XP level 7. HP: 39/55 MP: 8/8
  4010 | D:4      | Found a shadowy altar of Dithmenos.
  4132 | D:4      | Found a sacrificial altar of Ru.
  4195 | D:4      | Reached skill level 5 in Slings
  4218 | D:4      | Reached *** piety under Lugonu
  4227 | D:4      | Reached skill level 5 in Fighting
  4307 | D:4      | Noticed Sigmund
  4315 | D:4      | Killed Sigmund
  4315 | D:4      | Reached XP level 8. HP: 62/62 MP: 9/9
  4367 | D:4      | Found a stormy altar of Qazlal.
  4369 | D:4      | Noticed an air elemental
  4369 | D:4      | Noticed a water elemental
  4369 | D:4      | Noticed a fire elemental
  4397 | D:4      | Found a shattered altar of Ashenzari.
  4397 | D:4      | Found a stormy altar of Qazlal.
  4681 | D:5      | Entered Level 5 of the Dungeon
  5030 | D:5      | Found a staircase to the Ecumenical Temple.
  5075 | D:5      | Found a blossoming altar of Fedhas.
  5169 | D:5      | Found a deep blue altar of Sif Muna.
  5411 | Temple   | Entered the Ecumenical Temple
  5518 | D:5      | Reached skill level 1 in Maces & Flails
  6167 | D:6      | Found a hide-covered altar of Uskayaw.
  6221 | D:6      | Reached XP level 9. HP: 60/68 MP: 12/12
  6619 | D:6      | Found a white marble altar of Elyvilon.
  6619 | D:6      | Found a blossoming altar of Fedhas.
  6832 | D:6      | Got a bloodstained hunting sling
  6833 | D:6      | Identified the +6 hunting sling of Upheaval {flame, rF+ rN+} (You found it on level 6 of the Dungeon)
  7066 | D:7      | Reached skill level 5 in Invocations
  7075 | D:7      | Noticed feelmyfire's ghost (novice DrCK)
  7099 | D:7      | Reached **** piety under Lugonu
  7271 | D:7      | Killed feelmyfire's ghost
  7356 | D:7      | Found a faded altar of an unknown god.
  7356 | D:7      | Found a faded altar of an unknown god.
  7361 | D:7      | Found a bloodstained altar of Trog.
  7363 | D:7      | Found a faded altar of an unknown god.
  7364 | D:7      | Found a faded altar of an unknown god.
  7649 | D:7      | Reached skill level 5 in Armour
  7979 | D:7      | Reached skill level 5 in Maces & Flails
  7979 | D:7      | Reached XP level 10. HP: 65/77 MP: 14/14
  8611 | D:7      | Gained mutation: You are partially covered in iridescent scales. (AC +2) [potion of mutation]
  8611 | D:7      | Gained mutation: You expend magic power (3 MP) to strengthen your wands. [potion of mutation]
  8611 | D:7      | Gained mutation: Your body sometimes deteriorates upon taking damage. [potion of mutation]
  8619 | D:7      | Gained mutation: You are partially covered in rugged brown scales. (AC +1, +3% HP) [potion of beneficial mutation]
  8936 | D:8      | Noticed Psyche
  8949 | D:8      | Cast into level 1 of the Abyss (Psyche)
  8950 | Abyss:1  | Noticed an oklob plant
  8950 | D:8      | Escaped the Abyss
  8951 | D:8      | Killed Psyche
  9082 | D:8      | Noticed Joseph
  9092 | D:8      | Killed Joseph
  9469 | D:8      | Learned a level 2 spell: Repel Missiles
  9486 | D:8      | Noticed Erica
  9519 | D:8      | Killed Erica
 10132 | D:9      | Found a staircase to the Lair.
 10132 | D:9      | Noticed an elephant
 10163 | D:9      | Killed an elephant
 10163 | D:9      | Reached XP level 11. HP: 71/88 MP: 15/15
 10379 | D:9      | Found a staircase to the Orcish Mines.
 10409 | D:9      | You fall through a shaft for 2 floors!
 10706 | D:10     | Entered Level 10 of the Dungeon
 11463 | D:9      | Reached ***** piety under Lugonu
 11946 | D:9      | Found a sparkling altar of Nemelex Xobeh.
 11952 | D:9      | Noticed Lluna's ghost (novice SpAs)
 12311 | D:9      | You fall through a shaft!
 12407 | D:10     | Gained mutation: Your spells are a little harder to cast, but a little more powerful. [potion of beneficial mutation]
 12632 | D:10     | Got a fine dagger
 13947 | D:9      | You fall through a shaft!
 14512 | D:11     | Identified the cursed +2 dagger of Res Nullius {drain, rPois Dex+7} (You found it on level 10 of the Dungeon)
 14669 | D:11     | Reached XP level 12. HP: 87/97 MP: 16/16
 14804 | D:11     | Reached ****** piety under Lugonu
 15155 | D:11     | Noticed an unseen horror
 15177 | D:11     | Killed an unseen horror
 15177 | D:11     | Reached skill level 10 in Slings
 15179 | D:11     | Reached skill level 5 in Dodging
 15776 | Lair:1   | Entered Level 1 of the Lair of Beasts
 15871 | Lair:1   | Reached skill level 10 in Maces & Flails
 16067 | Lair:1   | Identified a scroll of acquirement
 16346 | Lair:1   | Found a shimmering altar of Xom.
 16929 | Lair:2   | Reached skill level 10 in Fighting
 17020 | Lair:2   | Found a staircase to the Swamp.
 18024 | Lair:3   | Reached XP level 13. HP: 107/107 MP: 17/17
 18078 | Lair:3   | Got a slimy dagger
 18087 | Lair:3   | Identified the +7 dagger of a bazaar {pierce, rC+ Int+2 Dex+4 SInv} (You found it on level 3 of the Lair of Beasts)
 18814 | Lair:4   | Found a hole to the Spider Nest.
 18850 | Lair:4   | You fall through a shaft!
 18850 | Lair:5   | Found a shimmering altar of Xom.
 18850 | Lair:5   | Noticed Kirke
 18973 | Lair:5   | You fall through a shaft!
 18973 | Lair:6   | Entered Level 6 of the Lair of Beasts
 19639 | Lair:6   | Noticed a seven-headed hydra
 19644 | Lair:6   | Killed a seven-headed hydra
 20019 | Lair:5   | Noticed Urug
 20039 | Lair:5   | Killed Urug
 20148 | Lair:5   | Found a runed door.
 20148 | Lair:5   | Found a viscous altar of Jiyva.
 20148 | Lair:5   | Found a staircase to the Slime Pits.
 20148 | Lair:5   | Noticed an azure jelly
 20148 | Lair:5   | Noticed an azure jelly
 21163 | Lair:4   | Reached XP level 14. HP: 117/117 MP: 19/19
 21178 | Lair:4   | Reached skill level 1 in Spellcasting
 21842 | D:9      | Killed Lluna's ghost
 22247 | Lair:2   | Got a warped robe
 22258 | Lair:2   | Identified the +1 robe "Loick" {rF+ Str+3 Stlth+} (You found it on level 2 of the Lair of Beasts)
 22348 | Orc:1    | Entered Level 1 of the Orcish Mines
 22354 | Orc:1    | Reached skill level 5 in Stealth
 22399 | Orc:1    | Mangled by an orc warrior

Skill      XL: |  1  2  3  4  5  6  7  8  9 10 11 12 13 14 |
---------------+-------------------------------------------+-----
Dodging        | 1 2 3 4 5 7 |  7.1
Polearms       | 3 4 |  4.1
Fighting       | 4 5 6 7 9 10 11 12 | 12.0
Armour         | 3 4 5 6 |  6.4
Slings         | 1 4 5 6 7 8 9 11 12 | 12.8
Stealth        | 1 2 3 4 5 |  5.0
Maces & Flails | 3 5 7 9 10 11 | 11.1
Invocations    | 4 6 7 |  7.9
Spellcasting   | 1 |  1.2
Throwing       | |  0.6
Charms         | |  0.2
Air Magic      | |  0.1

Action                   |  1- 3 |  4- 6 |  7- 9 | 10-12 | 13-15 || total
-------------------------+-------+-------+-------+-------+-------++-------
Melee: Spear             |   143 |   171 |     8 |       |       ||   322
       Flail             |       |       |   159 |   609 |   140 ||   908
       Dagger            |       |       |       |       |    10 ||    10
 Fire: Hunting sling     |       |   193 |   214 |   344 |   224 ||   975
Throw: Stone             |       |       |       |    17 |     1 ||    18
 Cast: Repel Missiles    |       |       |       |     1 |     1 ||     2
Invok: Depart the Abyss  |     1 |       |       |     1 |       ||     2
       Bend Space        |       |     1 |       |     1 |     4 ||     6
       Banish            |       |       |       |     1 |     2 ||     3
 Abil: Shaft Self        |       |       |       |     3 |     1 ||     4
  Use: Scroll            |       |     7 |     7 |     9 |     4 ||    27
       Potion            |       |       |       |    16 |     4 ||    20
 Stab: Sleeping          |       |       |       |     4 |     2 ||     6
       Distracted        |       |       |       |     1 |       ||     1
  Eat: Chunk             |     1 |     6 |    10 |    21 |    11 ||    49
       Beef jerky        |       |     1 |       |     2 |       ||     3
       Fruit             |       |     1 |       |       |       ||     1
       Meat ration       |       |       |     1 |     2 |       ||     3
       Pizza             |       |       |       |     1 |     2 ||     3
       Royal jelly       |       |       |       |     2 |       ||     2
Armor: Ring mail         |    45 |    53 |       |   142 |       ||   240
       Leather armour    |     5 |       |    44 |   132 |       ||   181
       Chain mail        |       |   149 |   103 |       |       ||   252
       Robe              |       |       |       |    41 |    64 ||   105
Dodge: Dodged            |    55 |   203 |   172 |   586 |   131 ||  1147
       Deflected         |       |       |       |       |     1 ||     1
